 Dungeon Crawl Stone Soup version 0.23.2-1-ga50397a (webtiles) character file.

Game seed: 16340261574982293824

14575 teukkam the Fighter (level 11, -6/102 HPs)
             Began as a Minotaur Fighter on May 22, 2019.
             Was an Initiate of Gozag.
             Mangled by a black mamba (10 damage)
             ... on level 1 of the Lair of Beasts on May 24, 2019.
             The game lasted 00:53:57 (13960 turns).

teukkam the Fighter (Minotaur Fighter)             Turns: 13960, Time: 00:53:58

Health: -6/102     AC: 11    Str: 25    XL:     11   Next: 90%
Magic:  13/13      EV: 10    Int:  8    God:    Gozag
Gold:   1805       SH: 14    Dex: 15    Spells: 10/10 levels left

rFire    + . .     SeeInvis .   a - +1 short sword (venom)
rCold    x . .     Gourm    .   t - +1 shield
rNeg     . . .     Faith    .   T - +3 leather armour "Fiucyut" {rElec rC- Dex+4}
rPois    .         Spirit   .   h - +2 hat {Int+3}
rElec    +         Reflect  .   y - +0 cloak
rCorr    .         Harm     .   (no gloves)
MR       ++...                  (no boots)
Stlth    +.........             r - amulet of rage
HPRegen  0.27/turn              z - ring of protection from magic
MPRegen  0.13/turn              (no ring)

@: lethally poisoned (-6 -> -11)
A: retaliatory headbutt, horns 2, agile 1, fire resistance 1, magic resistance 1
a: Potion Petition, Call Merchant, Bribe Branch, Renounce Religion, Evoke
Berserk Rage


You were on level 1 of the Lair of Beasts.
You worshipped Gozag.
Gozag was most pleased with you.
You were not hungry.

You visited 3 branches of the dungeon, and saw 12 of its levels.
You also visited: Ossuary.

You collected 1952 gold pieces.
You paid 147 gold pieces to Gozag.

Inventory:

Hand Weapons
 a - a +1 short sword of venom (weapon)
 b - a +0 hand crossbow
 c - a +0 whip of flaming
 w - a +4 quarterstaff of chaos
 B - a +0 war axe
 P - a +0 hunting sling
Missiles
 j - 75 poisoned needles
 A - 178 stones (quivered)
 M - 37 sling bullets
 R - 24 bolts
Armour
 h - a +2 hat of intelligence (worn)
 l - a +2 chain mail of cold resistance
 t - a +1 shield (worn)
 y - a +0 cloak (worn)
 T - the +3 leather armour "Fiucyut" (worn) {rElec rC- Dex+4}
   (You found it on level 1 of the Lair of Beasts)

   It affects your dexterity (+4).
   It makes you vulnerable to cold.
   It insulates you from electricity.
Jewellery
 o - an uncursed ring of ice
 r - an amulet of rage (around neck)
 z - a ring of protection from magic (left hand)
 N - an uncursed ring of protection from magic
 O - an uncursed ring of protection from magic
 S - an uncursed amulet of faith {unknown}
Wands
 e - a wand of flame (15)
 u - a wand of random effects (5)
 H - a wand of disintegration (6)
Scrolls
 d - a scroll of amnesia
 g - 4 scrolls of remove curse
 k - a scroll of fog
 m - 9 scrolls of identify
 n - 2 scrolls of fear
 q - 3 scrolls of magic mapping
 s - a scroll of immolation
 x - a scroll of blinking {unknown}
 C - a scroll of enchant weapon {unknown}
 F - 2 scrolls of noise {unknown}
 I - 2 scrolls of holy word {unknown}
Potions
 p - a potion of lignification
 v - 2 potions of might
 D - a potion of brilliance
 G - a potion of berserk rage
 J - a potion of magic
 K - a potion of haste
 L - a potion of agility {unknown}
 Q - a potion of heal wounds
Comestibles
 f - 5 rations


   Skills:
 + Level 11.0 Fighting
 + Level 6.3 Short Blades
 - Level 8.4 Axes
 + Level 6.0 Slings
 + Level 1.1 Crossbows
 + Level 11.0 Armour
 + Level 11.0 Shields
 + Level 5.3 Evocations


You had 10 spell levels left.
You didn't know any spells.
Your spell library contained the following spells:

 Spells                   Type           Power        Failure   Level  Hunger
 Corona                   Hex            #......      63%         1    ##.....
 Magic Dart               Conj           #...         63%         1    ##.....
 Searing Ray              Conj           #.....       77%         2    ###....
 Slow                     Hex            #.......     77%         2    ###....
 Dazzling Spray           Conj/Hex       #.....       94%         3    ####...
 Inner Flame              Hex/Fire       #.......     94%         3    ####...
 Portal Projectile        Hex/Tloc       #.....       94%         3    ####...
 Cause Fear               Hex            #.........   100%        4    #####..
 Force Lance              Conj/Tloc      #.......     100%        4    #####..
 Fulminant Prism          Conj/Hex       #.........   100%        4    #####..
 Iskenderun's Mystic Bla  Conj           #.......     100%        4    #####..
 Leda's Liquefaction      Hex/Erth       #.........   100%        4    #####..


Dungeon Overview and Level Annotations

Branches:
Dungeon (10/15)            Temple (1/1) D:5            Lair (1/6) D:8
    Orc: D:9-12

Altars:
Ashenzari
Cheibriados
Dithmenos
Elyvilon
Fedhas
Gozag
Hepliaklqana
Kikubaaqudgha
Makhleb
Nemelex Xobeh
Okawaru
Qazlal
Ru
Sif Muna
Trog
Uskayaw
Vehumet
Xom
Yredelemnul
Zin
The Shining One

Annotations:
D:8 Erica


Innate Abilities, Weirdness & Mutations

You reflexively headbutt those who attack you in melee.
You have a pair of horns on your head.
You are agile. (Dex +2)
Your flesh is heat resistant. (rF+)
You are resistant to hostile enchantments. (MR+)


Message History

Press: ? - help, Shift-Dir - straight line, f - crocodile
Aim: a crocodile (moderately wounded, inner flame)
The puff of flame hits the black mamba.
The black mamba is heavily wounded.
The spiny frog croaks.
You feel sick.
The black mamba bites you but does no damage.
You block the yak's attack.
The black mamba bites you but does no damage.
The yak becomes distracted by the nearby gold, dreaming of imaginary riches.
You feel sick. You block the black mamba's attack.
The spiny frog is no longer distracted by gold.
The black mamba bites you!
* * * LOW HITPOINT WARNING * * *
* * * LOW HITPOINT WARNING * * *
You feel sick.
The spiny frog is engulfed in blazing flames.
The black mamba bites you!
You die...
Your body crumbles into a pile of gold.

##.....# ##.....#. #.......# ###
##....#### ### ##.### #...P##
...#########....########...######
..F$.....#$....$....P............
.........$$Y..t$.................
.........$.....S@................
..)..$..$..§F..Y.................
....$..$..§°.....................
...........○○....................
....$.....)○○###..##...#.........
############## #########...#.!##.
#....##### #..... # ##....####


You could see a black mamba, 2 yaks, a spiny frog (inner flame) and a crocodile
(inner flame).

Vanquished Creatures
  Gastronok (D:9)
  Harold (D:8)
  A centaur warrior (D:10)
  2 two-headed ogres (D:10)
  Pikel (D:4)
  Maurice (D:9)
  Psyche (D:8)
  A rime drake (Lair:1)
  A freezing wraith (D:10)
  2 komodo dragons (Lair:1)
  A troll (D:10)
  A hornet (D:8)
  Grinder (D:4)
  3 hippogriffs
  3 wyverns
  Sigmund (D:6)
  9 yaks
  3 hungry ghosts
  A basilisk (D:10)
  Menkaure (D:4)
  A water moccasin (D:6)
  2 soldier ants (D:8)
  3 porcupines (D:8)
  An orc warrior (D:9)
  An ice beast (D:5)
  A sky beast (D:8)
  2 phantoms
  5 black bears (D:8)
  2 necrophages
  An eye of draining (D:10)
  6 ogres
  4 centaurs
  3 bullfrogs
  A scorpion (D:8)
  7 killer bees
  5 wights (D:7)
  4 howler monkeys
  3 crimson imps
  2 bullfrog skeletons
  2 jellies
  Crazy Yiuf (D:5)
  A centaur skeleton (D:9)
  A gnoll shaman (D:8)
  3 orc priests
  5 hounds
  3 orc wizards
  Ijyb (D:5)
  4 iguanas
  7 worker ants
  A killer bee zombie (D:6)
  A big kobold zombie (Ossuary)
  2 hound zombies
  A hound skeleton (D:5)
  8 mummies (Ossuary)
  2 howler monkey zombies (D:6)
  2 worker ant zombies (D:6)
  12 gnolls
  8 adders
  3 shadow imps
  2 oozes
  3 adder skeletons
  3 worms
  4 dart slugs
  3 leopard geckos
  16 orcs
  5 ball pythons
  8 bats
  4 giant cockroaches
  4 goblins
  2 hobgoblins
  8 jackals
  A quokka (D:3)
  4 frilled lizards
  A giant cockroach zombie (D:6)
  2 hobgoblin zombies (Ossuary)
  9 kobolds
  A kobold zombie (Ossuary)
  4 orc zombies (Ossuary)
  2 quokka skeletons
  13 rats
  3 plants (D:8)
260 creatures vanquished.

Vanquished Creatures (others)
  2 slaves (D:4)
  A howler monkey (D:4)
  A giant cockroach (D:4)
  A quokka (D:4)
  39 fungi (D:8)
  8 plants (D:8)
52 creatures vanquished.

Grand Total: 312 creatures vanquished

Notes
Turn   | Place    | Note
-------+----------+-------------------------------------------
     0 | D:1      | teukkam the Minotaur Fighter began the quest for the Orb.
     0 | D:1      | Reached XP level 1. HP: 19/19 MP: 0/0
    84 | D:2      | Reached XP level 2. HP: 13/27 MP: 1/1
   393 | D:3      | Reached XP level 3. HP: 22/33 MP: 2/2
   758 | D:4      | Reached XP level 4. HP: 18/41 MP: 3/3
   761 | D:4      | Noticed an ogre
  1204 | D:5      | Entered Level 5 of the Dungeon
  1211 | D:5      | Reached XP level 5. HP: 44/47 MP: 4/4
  1267 | D:5      | Found a sand-covered staircase.
  1277 | Ossuary  | Entered an ossuary
  1347 | Ossuary  | Reached skill level 5 in Fighting
  1347 | Ossuary  | Reached skill level 5 in Armour
  1635 | Ossuary  | Reached skill level 5 in Shields
  1805 | Ossuary  | Reached XP level 6. HP: 56/56 MP: 5/5
  1957 | D:5      | Noticed an ice beast
  1974 | D:5      | Killed an ice beast
  1980 | D:4      | Found a snail-covered altar of Cheibriados.
  1980 | D:4      | Found a white marble altar of Elyvilon.
  1983 | D:4      | Found a sparkling altar of Nemelex Xobeh.
  2096 | D:4      | Noticed Pikel
  2096 | D:4      | Noticed a slave
  2096 | D:4      | Noticed a slave
  2097 | D:4      | Noticed a slave
  2098 | D:4      | Noticed a slave
  2120 | D:4      | Killed Pikel
  2120 | D:4      | Reached skill level 5 in Axes
  2120 | D:4      | Reached XP level 7. HP: 25/64 MP: 6/6
  2283 | D:4      | Noticed Menkaure
  2288 | D:4      | Killed Menkaure
  2550 | D:4      | Noticed Grinder
  2564 | D:4      | Paralysed by Grinder for 6 turns
  2578 | D:4      | Killed Grinder
  2578 | D:4      | Reached XP level 8. HP: 36/71 MP: 7/7
  2882 | D:4      | Found a hazy altar of Hepliaklqana.
  3098 | D:4      | Noticed a moth of wrath
  3101 | D:4      | Found a bloodstained altar of Trog.
  3927 | D:5      | Found a runed translucent door.
  3928 | D:5      | Noticed Crazy Yiuf
  3935 | D:5      | Killed Crazy Yiuf
  4009 | D:5      | Noticed Ijyb
  4014 | D:5      | Killed Ijyb
  4019 | D:5      | Found a staircase to the Ecumenical Temple.
  4354 | D:5      | Noticed a hippogriff
  4366 | D:5      | Killed a hippogriff
  4590 | D:6      | Reached XP level 9. HP: 53/81 MP: 8/8
  5323 | Temple   | Entered the Ecumenical Temple
  5362 | Temple   | Became a worshipper of Gozag Ym Sagoz the Greedy
  5924 | D:6      | Noticed Sigmund
  5934 | D:6      | Killed Sigmund
  5937 | D:6      | Gained mutation: You are resistant to hostile enchantments.
                  | (MR+) [potion of mutation]
  5937 | D:6      | Gained mutation: You are agile. (Dex +2) [potion of
                  | mutation]
  5937 | D:6      | Gained mutation: Your flesh is heat resistant. (rF+)
                  | [potion of mutation]
  5976 | D:6      | HP: 4/82 [poisoned by you (poison gas)]
  5981 | D:6      | HP: 3/82 [poisoned by you (poison gas)]
  5987 | D:6      | HP: 2/82 [poisoned by you (poison gas)]
  5996 | D:6      | HP: 1/82 [poisoned by you (poison gas)]
  6003 | D:6      | HP: 1/82 [poisoned by you (poison gas)]
  6630 | D:7      | Found a sacrificial altar of Ru.
  6630 | D:7      | Found a blossoming altar of Fedhas.
  7369 | D:2      | Noticed a +0 dagger
  7369 | D:2      | Noticed a +0 dagger
  7373 | D:2      | Found a hide-covered altar of Uskayaw.
  7513 | D:2      | Found a basalt altar of Yredelemnul.
  7631 | D:2      | Found a deep blue altar of Sif Muna.
  8033 | D:7      | Reached skill level 1 in Evocations
  8230 | D:7      | Reached skill level 1 in Short Blades
  9471 | D:8      | Paralysed by a hornet for 1 turns
  9479 | D:8      | Reached skill level 1 in Slings
  9479 | D:8      | Reached XP level 10. HP: 58/91 MP: 10/10
  9957 | D:8      | Found a glowing silver altar of Zin.
 10062 | D:8      | Found a staircase to the Lair.
 10065 | D:8      | Noticed Harold
 10088 | D:8      | Killed Harold
 10093 | D:8      | Noticed Psyche
 10101 | D:8      | Noticed Erica
 10104 | D:8      | Killed Psyche
 10616 | D:9      | Reached skill level 10 in Fighting
 10634 | D:9      | Reached skill level 10 in Armour
 10744 | D:9      | Noticed Gastronok
 10759 | D:9      | Killed Gastronok
 10759 | D:9      | Reached skill level 10 in Shields
 10759 | D:9      | Reached XP level 11. HP: 73/100 MP: 11/13
 10767 | D:9      | Noticed Maurice
 10784 | D:9      | HP: 4/99 [something (6)]
 10947 | D:9      | Killed Maurice
 11282 | D:9      | Found a shadowy altar of Dithmenos.
 11324 | D:10     | Entered Level 10 of the Dungeon
 11346 | D:10     | Reached skill level 5 in Short Blades
 11412 | D:10     | Noticed a two-headed ogre
 11422 | D:10     | Noticed a two-headed ogre
 11424 | D:10     | Killed a two-headed ogre
 11438 | D:10     | Killed a two-headed ogre
 11438 | D:10     | Reached skill level 5 in Slings
 11927 | D:10     | Noticed a centaur warrior
 11930 | D:10     | Noticed a tengu warrior
 11940 | D:10     | Killed a centaur warrior
 11952 | D:10     | Noticed a lindwurm
 11952 | D:10     | a hippogriff changed into a lindwurm
 13107 | D:8      | Reached skill level 5 in Evocations
 13323 | Lair:1   | Entered Level 1 of the Lair of Beasts
 13870 | Lair:1   | Got a brightly glowing leather armour
 13883 | Lair:1   | Identified the +3 leather armour "Fiucyut" {rElec rC-
                  | Dex+4} (You found it on level 1 of the Lair of Beasts)
 13916 | Lair:1   | Found the +8 whip "Snakebite" {curare, rPois}
 13918 | Lair:1   | HP: 2/102 [black mamba (10)]
 13944 | Lair:1   | Reached skill level 1 in Crossbows
 13959 | Lair:1   | HP: 4/102 [black mamba (8)]
 13960 | Lair:1   | Mangled by a black mamba

Skill      XL: |  1  2  3  4  5  6  7  8  9 10 11 |
---------------+----------------------------------+-----
Armour         | 4 5 6 8 9 10 11 | 11.0
Fighting       | 4 5 6 8 9 10 11 | 11.0
Shields        | 4 5 6 7 9 10 11 | 11.0
Axes           | 3 4 5 6 7 8 |  8.4
Evocations     | 2 4 5 |  5.3
Short Blades   | 2 4 6 |  6.3
Slings         | 1 4 6 |  6.0
Crossbows      | 1 |  1.1

Action                   |  1- 3 |  4- 6 |  7- 9 | 10-12 || total
-------------------------+-------+-------+-------+-------++-------
Melee: War axe           |    59 |   106 |   221 |    10 ||   396
       Headbutt          |     9 |    20 |    70 |    86 ||   185
       Short sword       |       |       |   108 |   342 ||   450
 Fire: Hunting sling     |       |       |     6 |    28 ||    34
       Hand crossbow     |       |       |       |     4 ||     4
Throw: Stone             |       |       |     2 |       ||     2
 Abil: Evoke Berserk Rag |       |       |     1 |       ||     1
Evoke: Wand              |       |       |    10 |    21 ||    31
  Use: Scroll            |       |     2 |       |    14 ||    16
       Potion            |       |     6 |     9 |    11 ||    26
 Stab: Confused          |       |       |     1 |       ||     1
       Distracted        |       |       |       |     2 ||     2
  Eat: Chunk             |       |     2 |     5 |       ||     7
       Ration            |       |     1 |     6 |     6 ||    13
Armor: Scale mail        |    29 |    35 |   103 |   132 ||   299
       Ring mail         |       |     4 |       |       ||     4
       Skin              |       |     7 |       |     2 ||     9
       Chain mail        |       |       |       |    12 ||    12
       Leather armour    |       |       |       |     5 ||     5
Dodge: Dodged            |    27 |    15 |    93 |    89 ||   224
Block: Shield            |    33 |    46 |   165 |   242 ||   486
